BSA
HENDERSONVILLE HITMEN @ IRVINE GANG GREEN
10/21/2025
 
TOP OF THE 1ST
Hendersonville Hitmen batting - Pitching for Irvine Gang Green : RHP Takehide Ono
Pitching: RHP Takehide Ono
Batting: RHB Junior Vargas 0-0: Called Strike
0-1: Ball
1-1: Swinging Strike
1-2: Ball
2-2: Ball
3-2: Strikes out swinging
Batting: RHB Felipe Rivera 0-0: Ball
1-0: Ground out 6-3 (Groundball, 6)
Batting: RHB Manolo Román 0-0: Called Strike
0-1: Foul Ball, location: 2F
0-2: Strikes out looking
Top of the 1st over - 0 run(s), 0 hit(s), 0 error(s), 0 left on base; Hendersonville 0 - Irvine 0
BOTTOM OF THE 1ST
Irvine Gang Green batting - Pitching for Hendersonville Hitmen : LHP Francisco Moreno
Pitching: LHP Francisco Moreno
Batting: LHB Jesús Campos 0-0: Ball
1-0: Called Strike
1-1: Ball
2-1: Ball
3-1: Foul Ball, location: 2F
3-2: Base on Balls
Batting: RHB Tom Doherty 0-0: Called Strike
0-1: Ball
1-1: Ball
2-1: Called Strike
2-2: Ball
3-2: Grounds into double play, 1-6-3 (Groundball, 13)
Batting: RHB Manny Copriviza 0-0: Called Strike
0-1: Called Strike
0-2: SINGLE (Line Drive, 6MD)
Batting: LHB Víctor Quiñones 0-0: Called Strike
0-1: Swinging Strike
0-2: Foul Ball, location: 2F
0-2: Ball
1-2: Foul Ball, location: 2F
1-2: Ball
2-2: Ball
3-2: Strikes out swinging
Bottom of the 1st over - 0 run(s), 1 hit(s), 0 error(s), 1 left on base; Hendersonville 0 - Irvine 0
TOP OF THE 2ND
Hendersonville Hitmen batting - Pitching for Irvine Gang Green : RHP Takehide Ono
Batting: LHB Tony Abete 0-0: Ball
1-0: Ball
2-0: Ball
3-0: Called Strike
3-1: Swinging Strike
3-2: Strikes out swinging
Batting: SHB Tony López 0-0: Foul Ball, location: 2F
0-1: Ball
1-1: TRIPLE (Line Drive, 9LD)
Batting: LHB Jerry Johnston 0-0: Called Strike
0-1: Swinging Strike
0-2: Fly out, F9 (Flyball, 9M)
Runner from 3rd tags up, SCORES, no throw
Batting: LHB Enrique Nalasco 0-0: Ball
1-0: Swinging Strike
1-1: Ball
2-1: Foul Ball, location: 2F
2-2: Ball
3-2: Foul Ball, location: 2F
3-2: Strikes out swinging
Top of the 2nd over - 1 run(s), 1 hit(s), 0 error(s), 0 left on base; Hendersonville 1 - Irvine 0
BOTTOM OF THE 2ND
Irvine Gang Green batting - Pitching for Hendersonville Hitmen : LHP Francisco Moreno
Batting: LHB Leonardo Medina 0-0: Called Strike
0-1: Ball
1-1: Called Strike
1-2: Ground out 5-3 (Groundball, 5S)
Batting: RHB Buck Jones 0-0: Ball
1-0: Ball
2-0: Foul Ball, location: 2F
2-1: Ball
3-1: Base on Balls
Batting: SHB Ramón Lugo 0-0: Ball
1-0: Ball
2-0: Ball
3-0: Called Strike
3-1: Foul Ball, location: 2F
3-2: Foul Ball, location: 2F
3-2: Grounds into double play, 6-4-3 (Groundball, 6M)
Bottom of the 2nd over - 0 run(s), 0 hit(s), 0 error(s), 0 left on base; Hendersonville 1 - Irvine 0
TOP OF THE 3RD
Hendersonville Hitmen batting - Pitching for Irvine Gang Green : RHP Takehide Ono
Batting: RHB Robert Buckley 0-0: Ball
1-0: Foul Ball, location: 2F
1-1: Called Strike
1-2: Ball
2-2: Foul Ball, location: 2F
2-2: Strikes out swinging
Batting: RHB Taylor McFarland 0-0: Ball
1-0: Foul Ball, location: 2F
1-1: Ball
2-1: Foul Ball, location: 2F
2-2: Foul Ball, location: 2F
2-2: Ball
3-2: Strikes out swinging
Batting: RHB Junior Vargas 0-0: Ground out 5-3 (Groundball, 5L)
Top of the 3rd over - 0 run(s), 0 hit(s), 0 error(s), 0 left on base; Hendersonville 1 - Irvine 0
BOTTOM OF THE 3RD
Irvine Gang Green batting - Pitching for Hendersonville Hitmen : LHP Francisco Moreno
Batting: RHB José Salazar 0-0: Called Strike
0-1: Ball
1-1: Foul Ball, location: 2F
1-2: Ball
2-2: Foul Ball, location: 2F
2-2: Ground out 6-3 (Groundball, 6)
Batting: LHB Bill Murphy 0-0: Called Strike
0-1: Ground out U3 (Groundball, 3L)
Batting: LHB Jesús Campos 0-0: Called Strike
0-1: SOLO HOME RUN (Flyball, 9LD), Distance : 451 ft
Batting: RHB Tom Doherty 0-0: Ball
1-0: Ball
2-0: Called Strike
2-1: Ground out 5-3 (Groundball, 15S)
Bottom of the 3rd over - 1 run(s), 1 hit(s), 0 error(s), 0 left on base; Hendersonville 1 - Irvine 1
TOP OF THE 4TH
Hendersonville Hitmen batting - Pitching for Irvine Gang Green : RHP Takehide Ono
Batting: RHB Felipe Rivera 0-0: Ground out U3 (Groundball, 3)
Batting: RHB Manolo Román 0-0: Swinging Strike
0-1: Swinging Strike
0-2: Ball
1-2: Strikes out swinging
Batting: LHB Tony Abete 0-0: Foul Ball, location: 2F
0-1: Ground out 6-3 (Groundball, 6M)
Top of the 4th over - 0 run(s), 0 hit(s), 0 error(s), 0 left on base; Hendersonville 1 - Irvine 1
BOTTOM OF THE 4TH
Irvine Gang Green batting - Pitching for Hendersonville Hitmen : LHP Francisco Moreno
Batting: RHB Manny Copriviza 0-0: Swinging Strike
0-1: Ball
1-1: Ball
2-1: Swinging Strike
2-2: Ball
3-2: Strikes out swinging
Batting: LHB Víctor Quiñones 0-0: Fly out, F8 (Flyball, 8RM)
Batting: LHB Leonardo Medina 0-0: Called Strike
0-1: Swinging Strike
0-2: Foul Ball, location: 2F
0-2: Fly out, F8 (Flyball, 78M)
Bottom of the 4th over - 0 run(s), 0 hit(s), 0 error(s), 0 left on base; Hendersonville 1 - Irvine 1
TOP OF THE 5TH
Hendersonville Hitmen batting - Pitching for Irvine Gang Green : RHP Takehide Ono
Batting: SHB Tony López 0-0: Ball
1-0: Fly out, F8 (Flyball, 8LXD)
Batting: LHB Jerry Johnston 0-0: Called Strike
0-1: Swinging Strike
0-2: Strikes out swinging
Batting: LHB Enrique Nalasco 0-0: Ball
1-0: Called Strike
1-1: Foul Ball, location: 2F
1-2: Strikes out looking
Top of the 5th over - 0 run(s), 0 hit(s), 0 error(s), 0 left on base; Hendersonville 1 - Irvine 1
BOTTOM OF THE 5TH
Irvine Gang Green batting - Pitching for Hendersonville Hitmen : LHP Francisco Moreno
Batting: RHB Buck Jones 0-0: Ball
1-0: Fly out, F8 (Flyball, 8LD)
Batting: SHB Ramón Lugo 0-0: Called Strike
0-1: Ball
1-1: Foul Ball, location: 2F
1-2: Ball
2-2: Ball
3-2: Fly out, F8 (Flyball, 8RXD)
Batting: RHB José Salazar 0-0: Ball
1-0: Foul Ball, location: 2F
1-1: Foul Ball, location: 2F
1-2: Ball
2-2: Ground out 5-3 (Groundball, 56S)
Bottom of the 5th over - 0 run(s), 0 hit(s), 0 error(s), 0 left on base; Hendersonville 1 - Irvine 1
TOP OF THE 6TH
Hendersonville Hitmen batting - Pitching for Irvine Gang Green : RHP Takehide Ono
Batting: RHB Robert Buckley 0-0: Called Strike
0-1: Ball
1-1: Swinging Strike
1-2: Foul Ball, location: 2F
1-2: Strikes out swinging
Batting: RHB Taylor McFarland 0-0: Ball
1-0: SINGLE (Line Drive, 6MD)
Batting: RHB Junior Vargas 0-0: Ball
1-0: Ball
2-0: Foul Ball, location: 2F
2-1: Ball
3-1: Called Strike
3-2: Ground out 2-3 (Groundball, 2L)
Taylor McFarland to second
Batting: RHB Felipe Rivera 0-0: Ball
1-0: Ball
2-0: Foul Ball, location: 2F
2-1: Foul Ball, location: 2F
2-2: Foul Ball, location: 2F
2-2: Ball
3-2: Foul Ball, location: 2F
3-2: Ground out 5-3 (Groundball, 56S)
Top of the 6th over - 0 run(s), 1 hit(s), 0 error(s), 1 left on base; Hendersonville 1 - Irvine 1
BOTTOM OF THE 6TH
Irvine Gang Green batting - Pitching for Hendersonville Hitmen : LHP Francisco Moreno
Batting: LHB Bill Murphy 0-0: Ball
1-0: Ground out 1-3 (Groundball, 15S)
Batting: LHB Jesús Campos 0-0: Foul Ball, location: 2F
0-1: Called Strike
0-2: Ground out 3-1 (Groundball, 3L)
Batting: RHB Tom Doherty 0-0: Called Strike
0-1: Ball
1-1: Ball
2-1: Ground out 3-1 (Groundball, 34)
Bottom of the 6th over - 0 run(s), 0 hit(s), 0 error(s), 0 left on base; Hendersonville 1 - Irvine 1
TOP OF THE 7TH
Hendersonville Hitmen batting - Pitching for Irvine Gang Green : RHP Takehide Ono
Batting: RHB Manolo Román 0-0: Called Strike
0-1: Ball
1-1: SOLO HOME RUN (Flyball, 78XD), Distance : 433 ft
Batting: LHB Tony Abete 0-0: Ball
1-0: Reached on Error, E7 (Flyball, 7D)
Batting: SHB Tony López 0-0: Swinging Strike
0-1: Ball
1-1: Ball
2-1: Fielders Choice at 2nd, 4-6 (Groundball, 34)
Batting: LHB Jerry Johnston 0-0: Ball
1-0: Foul Ball, location: 2F
1-1: Ball
2-1: Ball
3-1: Foul Ball, location: 2F
3-2: Strikes out swinging
Pinch Hitting: SHB David Johnstone 0-0: Ball
1-0: Ball
2-0: Called Strike
2-1: Called Strike
2-2: Foul Ball, location: 2F
2-2: Strikes out looking
Top of the 7th over - 1 run(s), 1 hit(s), 1 error(s), 1 left on base; Hendersonville 2 - Irvine 1
BOTTOM OF THE 7TH
Irvine Gang Green batting - Pitching for Hendersonville Hitmen : LHP Francisco Moreno
Now in LF: David Johnstone
Batting: RHB Manny Copriviza 0-0: Ball
1-0: Called Strike
1-1: Foul Ball, location: 2F
1-2: Ball
2-2: Strikes out swinging
Batting: LHB Víctor Quiñones 0-0: Called Strike
0-1: Foul Ball, location: 2F
0-2: Fly out, F7 (Flyball, 7LS)
Batting: LHB Leonardo Medina 0-0: Ball
1-0: Called Strike
1-1: SINGLE (Line Drive, 8LS)
Batting: RHB Buck Jones 0-0: Ball
1-0: Called Strike
1-1: Ball
2-1: Ball
3-1: Called Strike
3-2: Strikes out swinging
Bottom of the 7th over - 0 run(s), 1 hit(s), 0 error(s), 1 left on base; Hendersonville 2 - Irvine 1
TOP OF THE 8TH
Hendersonville Hitmen batting - Pitching for Irvine Gang Green : RHP Takehide Ono
Pitching: RHP Kuang-yin Yue
Batting: RHB Robert Buckley 0-0: Called Strike
0-1: Fly out, F7 (Flyball, 78XD)
Batting: RHB Taylor McFarland 0-0: Called Strike
0-1: Foul Ball, location: 2F
0-2: Foul Ball, location: 2F
0-2: Ball
1-2: SINGLE (Groundball, 34D)
Batting: RHB Junior Vargas 0-0: Foul Ball, location: 2F
0-1: Ball
1-1: Ball
2-1: Called Strike
2-2: Foul Ball, location: 2F
2-2: Foul Ball, location: 2F
2-2: Ball
Pickoff Throw to First - Out!
3-2: Foul Ball, location: 2F
3-2: Strikes out swinging
Top of the 8th over - 0 run(s), 1 hit(s), 0 error(s), 0 left on base; Hendersonville 2 - Irvine 1
BOTTOM OF THE 8TH
Irvine Gang Green batting - Pitching for Hendersonville Hitmen : LHP Francisco Moreno
Pitching: RHP Edward Cadle
Batting: SHB Ramón Lugo 0-0: Ball
1-0: Ball
2-0: Ball
3-0: Base on Balls
Pinch Runner at 1st Tony Tavárez:
Batting: RHB José Salazar 0-0: SINGLE (Groundball, 56D)
Tony Tavárez to second
Batting: LHB Bill Murphy 0-0: Sac Bunt - play at first, batter OUT! U3
Tony Tavárez to third
José Salazar to second
Batting: LHB Jesús Campos 0-0: Ground out 4-3 (Groundball, 4)
Batting: RHB Tom Doherty 0-0: Ball
1-0: Ground out 6-3 (Groundball, 6M)
Bottom of the 8th over - 0 run(s), 1 hit(s), 0 error(s), 2 left on base; Hendersonville 2 - Irvine 1
TOP OF THE 9TH
Hendersonville Hitmen batting - Pitching for Irvine Gang Green : RHP Kuang-yin Yue
Pitching: RHP Mike Fisher
Now at 2B: Oliver Hernández
Batting: RHB Felipe Rivera 0-0: Ball
1-0: Foul Ball, location: 2F
1-1: Ground out 5-3 (Groundball, 5)
Batting: RHB Manolo Román 0-0: DOUBLE (Flyball, 89S)
Pitching: LHP Yu-shu Kong
Batting: LHB Tony Abete 0-0: Ball
1-0: Ball
2-0: Called Strike
2-1: Ball
3-1: Called Strike
3-2: Strikes out swinging
Pinch Hitting: RHB Eduardo García 0-0: Foul Ball, location: 2F
0-1: Ball
1-1: Ball
2-1: Swinging Strike
2-2: Ball
3-2: SINGLE (Line Drive, 8RS)
Manolo Román to third
Manolo Román scores
Pitching: LHP Keith Swanson
Batting: LHB Jerry Johnston 0-0: Ball
1-0: Called Strike
1-1: Swinging Strike
1-2: Fly out, F7 (Flyball, 7M)
Top of the 9th over - 1 run(s), 2 hit(s), 0 error(s), 1 left on base; Hendersonville 3 - Irvine 1
BOTTOM OF THE 9TH
Irvine Gang Green batting - Pitching for Hendersonville Hitmen : RHP Edward Cadle
Pitching: RHP Robinson Gonzáles
Now in CF: Eduardo García
Batting: RHB Manny Copriviza 0-0: Foul Ball, location: 2F
0-1: Ground out 4-3 (Groundball, 4)
Batting: LHB Víctor Quiñones 0-0: Ball
1-0: Called Strike
1-1: Swinging Strike
1-2: Ground out U3 (Groundball, 3S)
Batting: LHB Leonardo Medina 0-0: Called Strike
0-1: Ball
1-1: Ball
2-1: Foul Ball, location: 2F
2-2: Foul Ball, location: 2F
2-2: Foul Ball, location: 2F
2-2: Ground out 4-3 (Groundball, 34)
Bottom of the 9th over - 0 run(s), 0 hit(s), 0 error(s), 0 left on base; Hendersonville 3 - Irvine 1
This league is powered by Out of the Park Baseball, the baseball management simulation game for PC, Mac and Linux
Tuesday, August 2nd, 2016 - OOTP Baseball 16.8 Build 38